 Dungeon Crawl Stone Soup version 0.16-a0-1333-g4c30825 (webtiles) character file.

4757 Psiweapon the Covert (level 10, -1/50 HPs)
             Began as a Tengu Conjurer on Oct 16, 2014.
             Slain by an orc
             ... wielding a +0 hand axe
              (6 damage)
             ... on level 8 of the Dungeon.
             The game lasted 00:51:54 (9662 turns).

Psiweapon the Covert (Tengu Conjurer)               Turns: 9662, Time: 00:51:54

Health: -1/50      AC:  3    Str:  9    XL:     10   Next: 46%
Magic:  6/22       EV: 16    Int: 22    God:
Gold:   300        SH:  0    Dex: 16    Spells: 4 memorised, 6 levels left

rFire  . . .     SeeInvis .     i - +4 quarterstaff (chaos)
rCold  . . .     Clarity  .     a - +0 robe
rNeg   . . .     SustAb   .     (no shield)
rPois  .         Gourm    +     (helmet restricted)
rElec  .         Spirit   .     d - +0 cloak
rCorr  .         Warding  .     (no gloves)
rMut   .         Stasis   .     (boots unavailable)
MR     +....                    y - amulet of the gourmand
Stlth  +++++.....               (no ring)
                                w - ring of protection from magic

@: brilliant, very slightly contaminated, somewhat resistant to hostile
enchantments, quite stealthy
A: able to fly, beak, talons 3
a: Fly


You were on level 8 of the Dungeon.
You were very full.

You visited 2 branches of the dungeon, and saw 9 of its levels.

You collected 300 gold pieces.

Inventory:

Hand weapons
 i - a +4 quarterstaff of chaos (weapon)
 k - a +0 war axe
 l - a cursed +1 mace
 m - a +0 dagger
 v - a +0 dagger of venom
 x - a +0 shortbow of freezing
Missiles
 e - 18 stones
 D - a javelin (quivered)
 E - 24 arrows
Armour
 a - a +0 robe (worn)
 d - a +0 cloak (worn)
 f - a cursed +0 plate armour
Jewellery
 g - an uncursed ring of ice
 w - a ring of protection from magic (left hand)
 y - an amulet of the gourmand (around neck)
 B - an uncursed ring of ice
Magical devices
 u - a wand of teleportation (5)
 C - a wand of magic darts (28)
 H - a wand of paralysis (20)
Scrolls
 r - a scroll of recharging
 s - a scroll of remove curse
 z - 3 scrolls of fog
 F - a scroll of enchant weapon
Potions
 h - a potion of agility {unknown}
 n - a potion of might {unknown}
 o - a potion of confusion {unknown}
 p - a potion of mutation {unknown}
 t - a potion of berserk rage {unknown}
 A - a potion of brilliance
Books
 c - a book of Conjurations

   Spells                             Type                      Level
   *Magic Dart                        Conjuration                  1
   *Searing Ray                       Conjuration                  2
   *Dazzling Spray                    Conjuration/Hexes            3
   Fulminant Prism                    Conjuration/Hexes            4
   Iskenderun's Mystic Blast          Conjuration                  4
   *Iskenderun's Battlesphere         Conjuration/Charms           5
Comestibles
 b - a bread ration
 j - 4 meat rations
 q - 4 fruits
 G - a rotting chunk of iguana flesh
 I - a rotting chunk of giant frog flesh


   Skills:
 + Level 8.5 Short Blades
 - Level 4.7 Staves
 - Level 6.0 Dodging
 - Level 10.5 Stealth
 - Level 4.0 Spellcasting
 - Level 7.1 Conjurations
 - Level 3.6 Hexes
 + Level 4.3 Charms


You had 6 spell levels left.
You knew the following spells:

 Your Spells              Type           Power        Failure   Level  Hunger
a - Magic Dart            Conj           ####         1%          1    None
b - Searing Ray           Conj           #####.       1%          2    #......
c - Dazzling Spray        Conj/Hex       #####...     1%          3    ###....
d - Iskenderun's Battles  Conj/Chrm      #####...     4%          5    ######.


Dungeon Overview and Level Annotations

Branches:
Dungeon (8/15)             Temple (1/1) D:4            Lair (0/8) D:8

Altars:
Gozag
Okawaru
Qazlal
Ru
Sif Muna
Trog
Vehumet
Xom
Yredelemnul
The Shining One

Annotations:
D:3 sargx's ghost, average HOFi


Innate Abilities, Weirdness & Mutations

You can fly.
You have a beak for a mouth.
You have claws for feet.


Message History

The orc warrior closely misses you.
You hit the orc warrior but do no damage.
The orc warrior is heavily wounded.
The orc warrior misses you.
The orc priest's eyes start to glow.
The orc priest barely misses you.
You barely miss the orc priest. The orc misses you.
The orc priest mumbles some strange prayers to Beogh against you.
Something smites you! The orc warrior closely misses you.
You sock the orc priest! Your kick misses the orc priest.
The orc priest is heavily wounded.
The orc hits you with a hand axe.
* * * LOW HITPOINT WARNING * * *
The orc priest closely misses you.
Drink which item? (? for menu, Esc to quit)
You feel clever all of a sudden.
The orc warrior hits you with a scimitar!
* * * LOW HITPOINT WARNING * * *
The orc hits you with a hand axe.
You die...

...............#####.... ..
#......................
...##................##....
.........#.....##....##....
..........'.................
.........##......#.######...
...##............#...####...
##.....ooo....#.#.#......
#........@.....#.#........
#...............'.......... .
.......##.#....#.#........ ...
#............#....#.#........
...
#............#..###.#......##
...
#............##.###.#......##
..##............#.............'.
...............#.#.##.#......##
#..............#.#..#.#........


You could see an orc warrior, an orc priest and an orc.

Vanquished Creatures
  A hippogriff (D:7)
  A deep elf fighter (D:8)
  A water moccasin (D:6)
  A soldier ant (D:8)
  2 orc warriors (D:7)
  A sky beast (D:5)
  A phantom (D:8)
  An ogre (D:7)
  A centaur (D:6)
  Sigmund (D:5)
  Blork the orc (D:4)
  The ghost of tedric the Magician, an average VSTm (D:6)
  3 giant frogs
  A crocodile (D:8)
  2 scorpions
  2 goliath beetles (D:6)
  6 crimson imps
  2 hounds
  A jelly (D:7)
  A centaur skeleton (D:8)
  Crazy Yiuf (D:3)
  3 orc priests
  5 iguanas
  2 worker ants
  Natasha (D:3)
  2 orc wizards (D:7)
  A mummy (D:7)
  2 orc zombies
  A scorpion zombie (D:6)
  10 adders
  A green rat (D:8)
  3 worms (D:2)
  An orc skeleton (D:6)
  2 adder skeletons
  An iguana skeleton (D:6)
  21 orcs
  A ball python (D:2)
  15 bats
  4 giant cockroaches
  14 hobgoblins
  13 jackals
  4 quokkas
  A giant cockroach zombie (D:5)
  8 giant newts
  A giant spore (D:7)
  12 goblins
  A hobgoblin skeleton (D:3)
  4 kobolds
  A kobold zombie (D:3)
  20 rats
  2 rat zombies
189 creatures vanquished.

Vanquished Creatures (others)
  An orc wizard (D:4)
  A ballistomycete (D:7)
2 creatures vanquished.

Grand Total: 191 creatures vanquished

Notes
Turn   | Place    | Note
--------------------------------------------------------------
     0 | D:1      | Psiweapon, the Tengu Conjurer, began the quest for the Orb.
     0 | D:1      | Reached XP level 1. HP: 10/10 MP: 3/3
   277 | D:1      | Reached XP level 2. HP: 15/15 MP: 3/5
   345 | D:1      | Learned a level 2 spell: Searing Ray
   373 | D:1      | Reached skill level 6 in Conjurations
   961 | D:2      | Reached XP level 3. HP: 13/19 MP: 1/7
  1328 | D:2      | Learned a level 3 spell: Dazzling Spray
  1455 | D:2      | Reached skill level 7 in Conjurations
  1657 | D:2      | Reached XP level 4. HP: 15/24 MP: 3/8
  1804 | D:3      | Noticed sargx's ghost (average HOFi)
  2009 | D:3      | Noticed Crazy Yiuf
  2021 | D:3      | Killed Crazy Yiuf
  2164 | D:3      | Noticed Natasha
  2175 | D:3      | Reached XP level 5. HP: 4/28 MP: 12/12
  2175 | D:3      | HP: 1/28 [quokka (2)]
  2186 | D:3      | Killed Natasha
  2701 | D:4      | Reached XP level 6. HP: 22/32 MP: 12/15
  2885 | D:4      | Noticed Blork the orc
  2911 | D:4      | Killed Blork the orc
  3165 | D:4      | Found a staircase to the Ecumenical Temple.
  3185 | Temple   | Entered the Ecumenical Temple
  3714 | D:5      | Entered Level 5 of the Dungeon
  3751 | D:5      | Reached skill level 1 in Short Blades
  3936 | D:5      | Reached skill level 5 in Stealth
  3936 | D:5      | Reached XP level 7. HP: 23/36 MP: 12/18
  4321 | D:5      | Found an iron altar of Okawaru.
  4421 | D:5      | Found an opulent altar of Gozag.
  4595 | D:5      | Found a stormy altar of Qazlal.
  4775 | D:5      | Noticed Sigmund
  4788 | D:5      | Killed Sigmund
  5324 | D:6      | Found a sacrificial altar of Ru.
  5627 | D:6      | Noticed tedric's ghost (average VSTm)
  5638 | D:6      | Killed tedric's ghost
  5638 | D:6      | Reached XP level 8. HP: 18/41 MP: 5/20
  6002 | D:6      | HP: 2/41 [centaur (4)]
  6006 | D:6      | Reached skill level 5 in Short Blades
  7416 | D:7      | HP: 2/41 [orc wizard/dagger (1)]
  7452 | D:7      | HP: 2/41 [goblin (3)]
  7937 | D:7      | Found a bloodstained altar of Trog.
  8060 | D:7      | Reached skill level 1 in Staves
  8084 | D:7      | Reached skill level 8 in Stealth
  8179 | D:7      | Reached XP level 9. HP: 45/45 MP: 21/21
  8929 | D:8      | Reached skill level 9 in Stealth
  9146 | D:8      | Reached skill level 10 in Stealth
  9146 | D:8      | Reached XP level 10. HP: 50/50 MP: 16/22
  9153 | D:8      | Learned a level 5 spell: Iskenderun's Battlesphere
  9200 | D:8      | Found a staircase to the Lair.
  9662 | D:8      | Slain by an orc

Action                   |  1- 3 |  4- 6 |  7- 9 | 10-12 || total
-------------------------+-------+-------+-------+-------++-------
Melee: Club              |     7 |       |       |       ||     7
       Mace              |    24 |       |       |       ||    24
       Dagger            |     6 |    21 |   169 |    21 ||   217
       Quarterstaff      |       |    30 |    38 |     5 ||    73
Throw: Javelin           |     6 |       |     4 |       ||    10
 Cast: Magic Dart        |    46 |    31 |    54 |     5 ||   136
       Searing Ray       |     4 |     4 |    15 |     1 ||    24
       Dazzling Spray    |     1 |    16 |    54 |    13 ||    84
       Iskenderun's Batt |       |       |       |     1 ||     1
Evoke: Wand              |       |       |       |     1 ||     1
  Use: Scroll            |     4 |       |    10 |       ||    14
       Potion            |     1 |     3 |     3 |     1 ||     8
 Stab: Sleeping          |     2 |     2 |    16 |     3 ||    23
       Invisible         |       |     2 |    14 |     2 ||    18
  Eat: Chunk             |     3 |     7 |    21 |     3 ||    34
       Bread ration      |       |     1 |     1 |       ||     2
       Beef jerky        |       |       |     1 |       ||     1
